 Dungeon Crawl Stone Soup version 0.27-a0-679-g77a6b55cf3 (webtiles) character file.

Game seed: 8610512240693710505

663 mdonais the Shooter (level 7, -1/41 HPs)
             Began as a Deep Elf Hunter on Mar 18, 2021.
             Slain by a gnoll
             ... wielding a +0 spear
              (2 damage)
             ... on level 5 of the Dungeon.
             The game lasted 00:22:00 (6541 turns).

mdonais the Shooter (Deep Elf Hunter)               Turns: 6541, Time: 00:22:01

Health: -1/41      AC:  4    Str: 11    XL:     7   Next: 31%
Magic:  9/9        EV: 13    Int: 16    God:
Gold:   258        SH:  0    Dex: 15    Spells: 6/6 levels left

rFire    . . .     SeeInvis +   a - +1 shortbow
rCold    + . .     Faith    .   (shield currently unavailable)
rNeg     . . .     Spirit   .   q - +0 leather armour
rPois    .         Reflect  .   (no helmet)
rElec    .         Harm     .   (no cloak)
rCorr    .         Rampage  .   e - +0 pair of gloves
Will     .....                  (no boots)
Stlth    +.........             (no amulet)
HPRegen  0.13/turn              c - ring of protection from cold
MPRegen  0.11/turn              s - ring of see invisible

@: coronaed, glowing
A: no striking features
a: no special abilities


You were on level 5 of the Dungeon.
You visited 1 branch of the dungeon, and saw 5 of its levels.

You collected 258 gold pieces.

Inventory:

Hand Weapons
 a - a +1 shortbow (weapon)
 b - a +1 dagger of venom
   (You took it off a goblin on level 2 of the Dungeon)
 n - a +2 hunting sling of flaming
   (You took it off a goblin on level 2 of the Dungeon)
Missiles
 d - 5 arrows (quivered ammo)
 k - 46 poisoned darts
 l - 149 stones
 t - 7 boomerangs
 v - 3 javelins
 F - 2 curare-tipped darts
Armour
 e - a +0 pair of gloves (worn)
   (You found it on level 1 of the Dungeon)
 q - a +0 leather armour (worn)
Magical Staves
 r - a staff of air
   (You found it on level 3 of the Dungeon)
Jewellery
 c - a ring of protection from cold (right hand)
   (You found it on level 3 of the Dungeon)
 s - a ring of see invisible (left hand)
   (You found it on level 3 of the Dungeon)
 x - a +4 ring of protection
   (You found it on level 4 of the Dungeon)
Wands
 g - a wand of mindburst (13)
   (You found it on level 2 of the Dungeon)
 D - a wand of digging (4)
   (You found it on level 5 of the Dungeon)
Scrolls
 h - 3 scrolls of teleportation {unknown}
 m - a scroll of fog {unknown}
 o - a scroll of amnesia {unknown}
 p - 2 scrolls of identify {unknown}
 w - a scroll of enchant weapon {unknown}
 y - a scroll of enchant armour {unknown}
 A - a scroll of brand weapon {unknown}
Potions
 f - a potion of cancellation {unknown}
 i - 2 potions of invisibility {unknown}
 j - a potion of heal wounds {unknown}
 u - a potion of berserk rage {unknown}
 z - a potion of attraction {unknown}
 Q - 2 potions of curing


   Skills:
 + Level 3.3 Fighting
 + Level 2.4 Short Blades
 + Level 7.1 Bows
 + Level 4.8 Dodging
 - Level 4.3 Stealth
 + Level 2.5 Evocations


You had 6 spell levels left.
You didn't know any spells.
Your spell library contained the following spells:

 Spells                   Type           Power      Damage    Failure   Level
 Corona                   Hex            0%         N/A       32%         1
 Ensorcelled Hibernation  Hex/Ice        0%         N/A       45%         2
 Confusing Touch          Hex            0%         N/A       69%         3
 Dazzling Flash           Conj/Hex       0%         N/A       69%         3
 Tukima's Dance           Hex            0%         N/A       69%         3


Dungeon Overview and Level Annotations

Branches:
Dungeon (5/15)             Temple (0/1) D:5

Altars:

Annotations:
D:4 dig for loots


Message History

Health restored: 41
D - a wand of digging (4)
d - 22 arrows (gained 1)
d - 23 arrows (gained 1)
d - 24 arrows (gained 1)
l - 149 stones (gained 27)
A - a scroll labelled DOFECKAUSI A worker ant comes into view.
You shoot an arrow. The arrow hits the worker ant!
The worker ant is heavily wounded.
You shoot an arrow. The arrow barely misses the worker ant.
Your +1 dagger of venom begins to drip with poison!
b - a +1 dagger of venom (weapon)
The worker ant bites you but does no damage.
You hit the worker ant but do no damage.
The worker ant is poisoned.
The worker ant is heavily wounded.
The worker ant misses you.
You hit the worker ant.
The worker ant is heavily wounded.
The worker ant closely misses you.
You hit the worker ant but do no damage.
The worker ant is severely wounded.
The worker ant bites you!
You are poisoned.
The worker ant poisons you!
You take 7 damage, and have 34/41 hp.
You barely miss the worker ant.
The worker ant is severely wounded.
You feel sick. The worker ant barely misses you.
You closely miss the worker ant.
The worker ant is almost dead.
You kill the worker ant!
You start resting.
You feel sick. x5
You are no longer poisoned.
You take 3 damage, and have 31/41 hp.
You start resting.
HP restored.
Health restored: 41 Your +1 dagger of venom stops dripping with poison.
a - a +1 shortbow (weapon)
You see here a worker ant corpse.
A quokka comes into view.
The quokka moves out of view.
Found a spear.
d - 24 arrows (gained 2)
Your +1 dagger of venom begins to drip with poison!
b - a +1 dagger of venom (weapon)
You hit the quokka.
The quokka is poisoned.
The quokka is lightly wounded.
The quokka closely misses you.
You hit the quokka but do no damage.
The quokka looks as sick as possible!
The quokka is heavily wounded.
The quokka bites you.
You take 2 damage, and have 39/41 hp.
You hit the quokka but do no damage.
The quokka is almost dead.
You kill the quokka!
Found a staircase to the Ecumenical Temple.
Your +1 dagger of venom stops dripping with poison.
a - a +1 shortbow (weapon)
A gnoll comes into view. It is wielding a +0 whip.
You shoot an arrow. The arrow hits the gnoll!
The gnoll shouts!
The gnoll is heavily wounded.
A gnoll comes into view. It is wielding a +0 spear.
A gnoll comes into view. It is wielding a +0 club.
You shoot an arrow. The arrow closely misses the gnoll.
The gnoll shouts! x2
The arrow hits the gnoll.
The gnoll is heavily wounded.
You shoot an arrow. The arrow closely misses the gnoll.
A gnoll shaman comes into view. It is wielding a +0 whip.
You shoot an arrow. The arrow hits the gnoll.
The gnoll is severely wounded.
You see here a worker ant corpse.
Health restored: 41 You shoot an arrow.
The arrow barely misses the gnoll.
The arrow hits the gnoll.
The gnoll is heavily wounded.
You shoot an arrow. The arrow closely misses the gnoll.
The arrow hits the gnoll but does no damage.
The gnoll is heavily wounded.
The gnoll misses you.
You shoot an arrow. The arrow hits the gnoll.
You kill the gnoll!
The gnoll misses you.
You shoot an arrow. The arrow hits the gnoll.
The gnoll is almost dead.
The gnoll hits you from afar with a +0 spear!
You take 7 damage, and have 34/41 hp.
You shoot an arrow. The arrow closely misses the gnoll.
The arrow hits the gnoll shaman.
The gnoll shaman is lightly wounded.
The gnoll barely misses you.
You shoot an arrow. The arrow hits the gnoll.
The gnoll is moderately wounded.
The gnoll hits you but does no damage.
You shoot an arrow. The arrow hits the gnoll!
The gnoll is almost dead.
The gnoll hits you with a +0 club.
You take 4 damage, and have 31/41 hp.
You shoot an arrow. The arrow hits the gnoll.
You kill the gnoll!
A gnoll comes into view. It is wielding a +0 halberd.
You shoot an arrow.
The arrow hits the gnoll shaman but does no damage.
The gnoll shaman is lightly wounded.
The gnoll shaman closely misses you.
You shoot an arrow. The arrow hits the gnoll shaman.
The gnoll shaman is heavily wounded.
The gnoll hits you from afar with a +0 spear.
The gnoll shaman invokes the aid of its god against you.
You are outlined in light.
You take 6 damage, and have 25/41 hp.
You shoot an arrow. The arrow hits the gnoll shaman!
The gnoll shaman is severely wounded.
The gnoll hits you from afar with a +0 spear.
You take 1 damage, and have 24/41 hp.
You shoot an arrow.
The arrow hits the gnoll shaman but does no damage.
The gnoll shaman is severely wounded.
The gnoll shaman barely misses you. The gnoll closely misses you.
You shoot an arrow.
The arrow hits the gnoll shaman but does no damage.
The gnoll shaman is severely wounded.
The gnoll shaman hits you with a +0 whip!
The gnoll completely misses you.
You take 7 damage, and have 18/41 hp.
You are too injured to fight recklessly!
You are too injured to fight recklessly!
Fire: 7 arrows
Press: ? - help, Q - select action, (/) - cycle Shift-Dir - straight line, f/p - gnoll shaman
Aim: a gnoll shaman, wielding a +0 whip and wearing a +0 leather armour (severely wounded, 68% to hit)
You shoot an arrow. The arrow hits the gnoll shaman.
The gnoll shaman is almost dead.
The gnoll shaman hits you with a +0 whip!
* * * LOW HITPOINT WARNING * * *
The gnoll misses you.
You take 12 damage, and have 6/41 hp.
MASSIVE DAMAGE!!
Fire: 6 arrows
Press: ? - help, Q - select action, (/) - cycle Shift-Dir - straight line, f/p - gnoll shaman
Aim: a gnoll shaman, wielding a +0 whip and wearing a +0 leather armour (almost dead, 68% to hit)
You shoot an arrow.
The arrow hits the gnoll shaman but does no damage.
The gnoll shaman is almost dead.
The gnoll shaman hits you with a +0 whip.
* * * LOW HITPOINT WARNING * * *
The gnoll hits you from afar with a +0 spear.
You die...

# ##.#####....# #.
#.........#.#
#.###..#####..#####
#...................
###...#####.#.######
#...#.# #.#.#
#.....# #.#.#
#...#.# #.#.#
#...#@# #.#.#
#...#g# #.#.#
#.###g###.#
#....g....#
#####(####### #.# ..
.. #.###.#....
#....(?.P(P
#....g#..>.


You could see a gnoll shaman and 2 gnolls.

Vanquished Creatures
  An ogre (D:4)
  A centaur (D:4)
  A kobold brigand (D:3)
  Natasha (thrice) (D:2)
  3 worker ants
  An orc wizard (D:3)
  A hound skeleton (D:4)
  2 gnolls (D:5)
  A howler monkey skeleton (D:4)
  7 adders
  2 oozes (D:2)
  2 adder skeletons (D:4)
  7 worms
  4 dart slugs
  5 leopard geckos
  9 orcs
  9 goblins
  8 hobgoblins
  2 jackals (D:1)
  16 kobolds
  4 quokkas
  10 bats
  4 frilled lizards
  3 giant cockroaches
  A giant cockroach zombie (D:5)
  12 rats
119 creatures vanquished.

Notes
Turn   | Place    | Note
-------+----------+-------------------------------------------
     0 | D:1      | mdonais the Deep Elf Hunter began the quest for the Orb.
     0 | D:1      | Reached XP level 1. HP: 12/12 MP: 3/3
   237 | D:1      | Reached XP level 2. HP: 4/17 MP: 4/4
  1520 | D:2      | Reached XP level 3. HP: 21/21 MP: 5/5
  1949 | D:2      | Noticed Natasha
  1965 | D:2      | Killed Natasha
  1966 | D:2      | Reached XP level 4. HP: 23/26 MP: 6/6
  2053 | D:2      | Reached skill level 6 in Bows
  2315 | D:2      | Noticed Natasha
  2322 | D:2      | Killed Natasha
  2475 | D:2      | Noticed Natasha
  2480 | D:2      | Killed Natasha
  2481 | D:2      | Reached XP level 5. HP: 31/31 MP: 7/7
  4027 | D:2      | Reached skill level 1 in Evocations
  4435 | D:3      | Reached skill level 1 in Short Blades
  4661 | D:3      | Reached XP level 6. HP: 36/36 MP: 8/8
  5718 | D:4      | Reached skill level 7 in Bows
  5718 | D:4      | Reached XP level 7. HP: 5/41 MP: 9/9
  6312 | D:5      | Entered Level 5 of the Dungeon
  6512 | D:5      | Found a staircase to the Ecumenical Temple.
  6541 | D:5      | HP: 1/41 [gnoll shaman/+0 whip (5)]
  6541 | D:5      | Slain by a gnoll

Illustrated notes

Levels and vault maps discovered:
D:1:      dpeg_arrival_three_bigger_balls, layout_rooms, interstate_on_off,
          minmay_misc_feat_four_crosses, minmay_ruptured
D:2:      minmay_recursive_quarters, layout_basic, uniq_natasha
D:3:      cheibrodos_thug_alley, layout_basic
D:4:      cheibrodos_quashed, layout_basic
D:5:      layout_basic, minmay_temple_entry_trees, fedhas_altar_2, uniq_sigmund,
          uniq_crazy_yiuf_cottage, uniq_prince_ribbit1

Skill      XL: |  1  2  3  4  5  6 |
---------------+-------------------+-----
Stealth        | 2 3 4 |  4.3
Fighting       | 2 3 |  3.3
Dodging        | 3 4 |  4.8
Bows           | 6 7 |  7.1
Evocations     | 1 2 |  2.5
Short Blades   | 1 2 |  2.4

Action                   |  1- 3 |  4- 6 |  7- 9 || total
-------------------------+-------+-------+-------++-------
Melee: Dagger            |    88 |   144 |    26 ||   258
       Short sword       |    10 |       |       ||    10
 Fire: Shortbow          |    72 |    96 |    25 ||   193
Throw: Dart              |     3 |    60 |     7 ||    70
Evoke: Wand              |       |     3 |       ||     3
  Use: Potion            |     1 |       |       ||     1
 Stab: Sleeping          |     1 |     3 |     1 ||     5
Armor: Leather armour    |    39 |    29 |     6 ||    74
Dodge: Dodged            |    90 |    97 |    20 ||   207

Table legend: (Time is in decaauts)
 A = Elapsed time spent in this place.
 B = Non-inter-level travel time spent in this place.
 C = Inter-level travel time spent in this place.
 D = Time resting spent in this place.
 E = Time spent auto-exploring this place.
 F = Levels seen in this place.
 G = Mean time per level.
                   A        B        C        D        E       F      G
               +--------+--------+--------+--------+--------+-----+--------+
         Total |   6484 |   6207 |    277 |   2340 |   2619 |   5 | 1296.8 |
       Dungeon |   6484 |   6207 |    277 |   2340 |   2619 |   5 | 1296.8 |
               +--------+--------+--------+--------+--------+-----+--------+

Top non-repeatable levels by time:
     D:1: 1888 daAuts
     D:2: 1587 daAuts
     D:3: 1510 daAuts
     D:4: 1275 daAuts
     D:5: 222 daAuts
